 Dungeon Crawl Stone Soup version 0.30.0-20-g3615ddf2f0 (webtiles) character file.

Game seed: 4752358664380333796

1250 qw the Cleaver (level 8, -7/49 HPs)
             Began as a Gargoyle Fighter on May 29, 2023.
             Was an Initiate of Okawaru.
             Killed by divine providence
             ... invoked by an orc priest
              (13 damage)
             ... on level 6 of the Dungeon.
             The game lasted 00:02:16 (4290 turns).

qw the Cleaver (Gargoyle Fighter)                   Turns: 4290, Time: 00:02:16

Health: -7/49      AC: 23    Str: 26    XL:     8   Next: 50%
Magic:  8/8        EV:  7    Int:  8    God:    Okawaru [......]
Gold:   171        SH:  9    Dex:  8    Spells: 7/7 levels left

rFire   . . .        Y - +0 war axe
rCold   + + .        c - +0 buckler
rNeg    + . .        p - +0 plate armour
rPois   inf          v - +2 helmet
rElec   +            o - +2 cloak
rCorr   +            (no gloves)
SInv    .            (no boots)
Will    .....        b - amulet of reflection Stlth
                     h - ring of protection from cold
HPRegen 0.28/turn    l - ring of resist corrosion
MPRegen 0.11/turn

%: reflection
@: about to teleport
A: sickness immunity, AC +5, negative energy resistance 1, electricity
resistance, torment resistance 1, petrification resistance, cold resistance 1,
strong 1
a: Renounce Religion


You were on level 6 of the Dungeon.
You worshipped Okawaru.
Okawaru was noncommittal.
You visited 1 branch of the dungeon, and saw 6 of its levels.

You collected 171 gold pieces.


Innate Abilities, Weirdness & Mutations

You are immune to sickness and miasma.
Your stone body is resilient. (AC +5)
You are immune to poison.
You resist negative energy. (rN+)
You are resistant to electric shocks. (rElec)
You are resistant to unholy torment.
You are immune to petrification.
Your flesh is cold resistant. (rC+)
Your muscles are strong. (Str +4, Int/Dex -1)


   Skills:
 - Level 5.1 Fighting
 - Level 8.0 Axes
 - Level 1.0 Throwing
 + Level 4.2 Armour
 - Level 1.6 Dodging
 - Level 3.2 Shields


You had 7 spell levels left.
You didn't know any spells.
Your spell library was empty.

Inventory:

Hand Weapons
 t - a +0 flail
 Y - a +0 war axe (weapon)
Missiles
 e - a silver boomerang (quivered)
Armour
 c - a +0 buckler (worn)
 f - a scarf of resistance
 n - a +0 pair of boots
 o - a +2 cloak (worn)
 p - a +0 plate armour (worn)
 v - a +2 helmet (worn)
Jewellery
 b - an amulet of reflection (around neck)
 h - a ring of protection from cold (left hand)
 l - a ring of resist corrosion (right hand)
Potions
 a - 5 potions of curing
 d - 2 potions of might
 g - a potion of magic {unknown}
 i - a potion of lignification {unknown}
 j - a potion of ambrosia {unknown}
 k - 2 potions of mutation
 m - a potion of resistance
 q - a potion of attraction
 r - a potion of heal wounds {unknown}
 u - a potion of cancellation {unknown}

Dungeon Overview and Level Annotations

Branches:
Dungeon (6/15)
 Temple: D:4-7

Altars:
Dithmenos
Elyvilon
Okawaru
Xom

Shops:
D:2 :   D:4 =


Message History

You slash the orc wizard!
The orc wizard is severely wounded.
You slash the orc priest! The orc wizard completely misses you.
The orc priest invokes the aid of Beogh against you.
Beogh smites you!
You closely miss the orc wizard.
The orc wizard is severely wounded.
You hit the orc priest. The orc wizard casts a spell at you.
The magic dart hits you. You block the orc priest's attack.
You completely miss the orc priest.
The orc priest is severely wounded.
You barely miss the orc wizard. The orc wizard barely misses you.
The orc priest hits you but does no damage.
You hit the orc priest.
You kill the orc priest!
Okawaru accepts your kill.
You miss the orc wizard.
The orc wizard points at you and mumbles some strange words.
The puff of flame hits you but does no damage.
Your Axes skill increases to level 8!
You slash the orc wizard!
You kill the orc wizard!
Okawaru accepts your kill.
You barely miss the orc priest. You block the orc priest's attack.
You closely miss the orc priest.
The orc priest mumbles some strange prayers to Beogh against you.
Beogh smites you!
4289 ||| READING scroll of teleportation.
As you read the scroll of teleportation, it crumbles to dust.
You feel strangely unstable.
The orc priest hits you but does no damage. x2
You closely miss the orc priest. x2
You block the orc priest's attack.
The orc priest mumbles some strange prayers to Beogh against you.
Beogh smites you!
You die...

#.## #..#
#..# #..#
#..# #..##
#oo.# #@#
#.# #.#
##.# #..#
#.## #.#
######.#
##......##


You could see 2 orc priests.

Vanquished Creatures
  A water moccasin (D:5)
  2 ice beasts (D:5)
  A black bear (D:6)
  2 centaurs
  An ogre (D:6)
  2 phantoms (D:5)
  2 orc priests
  4 hounds
  5 iguanas
  A sleepcap (D:4)
  An orc wizard (D:6)
  3 adders
  A white imp (D:6)
  An ufetubus (D:4)
  A worm (D:2)
  A dart slug (D:1)
  6 orcs
  5 endoplasms
  5 goblins
  7 hobgoblins
  6 jackals (D:1)
  7 kobolds
  3 quokkas
  9 ball pythons
  5 bats
  4 frilled lizards
  7 rats
93 creatures vanquished.

Notes
Turn   | Place    | Note
-------+----------+-------------------------------------------
     0 | D:1      | qw the Gargoyle Fighter began the quest for the Orb.
     0 | D:1      | Reached XP level 1. HP: 14/14 MP: 1/1
     0 | D:1      | 0 ||| qw: Version: 0.2-a-102-g2b76a06
     0 | D:1      | 0 ||| qw: Game counter: 418
     0 | D:1      | 0 ||| qw: Always use a shield: true
     0 | D:1      | 0 ||| qw: God list: Okawaru
     0 | D:1      | 0 ||| qw: Allow faded altars: false
     0 | D:1      | 0 ||| qw: Do Orc after D:15 true
     0 | D:1      | 0 ||| qw: Do second Lair branch before Depths: true
     0 | D:1      | 0 ||| qw: Lair rune preference: random
     0 | D:1      | 0 ||| qw: Plans: Normal, Zot:1-4, Slime:5, God:TSO, Crypt,
                  | Tomb, Pan, Hells, Abyss, Win
     0 | D:1      | 0 ||| PLANNING D:1-11
    53 | D:1      | 53 ||| Stepping ~*~*~tactically~*~*~ (stealth).
    65 | D:1      | Reached skill level 2 in Axes
    67 | D:1      | 67 ||| Stepping ~*~*~tactically~*~*~ (stealth).
    98 | D:1      | 98 ||| Stepping ~*~*~tactically~*~*~ (stealth).
   106 | D:1      | Reached XP level 2. HP: 13/19 MP: 2/2
   143 | D:1      | 143 ||| Stepping ~*~*~tactically~*~*~ (hiding).
   305 | D:1      | Found a faded altar of an unknown god.
   315 | D:1      | 315 ||| Stepping ~*~*~tactically~*~*~ (stealth).
   319 | D:1      | Reached skill level 3 in Axes
   339 | D:1      | 339 ||| Stepping ~*~*~tactically~*~*~ (stealth).
   353 | D:1      | Reached XP level 3. HP: 21/23 MP: 3/3
   678 | D:1      | 678 ||| READING scroll labelled XEYTEE UTA AXENG.
   779 | D:1      | 779 ||| READING scroll labelled VISUSSO GUSEG.
   780 | D:1      | 780 ||| READING scroll labelled CUFAPY NUDELL.
  1050 | D:2      | Found Olyatz's Book Boutique.
  1065 | D:2      | Reached XP level 4. HP: 28/28 MP: 4/4
  1458 | D:2      | 1458 ||| UPGRADING to scarf of resistance.
  1463 | D:2      | 1463 ||| UPGRADING to ring of protection from cold.
  1464 | D:2      | 1464 ||| READING scroll labelled YGA OQ LITS.
  1467 | D:2      | 1467 ||| READING 2 scrolls labelled XATHUR NINI.
  1468 | D:2      | 1468 ||| DRINKING 2 lumpy orange potions.
  1469 | D:2      | 1469 ||| DROPPING scroll of magic mapping.
  1660 | D:3      | Reached skill level 4 in Axes
  1959 | D:3      | 1959 ||| DROPPING +0 ring mail of positive energy.
  1960 | D:3      | 1960 ||| UPGRADING to +0 chain mail.
  1970 | D:3      | 1970 ||| DROPPING +0 scale mail.
  1971 | D:3      | 1971 ||| UPGRADING to ring of resist corrosion.
  1972 | D:3      | 1972 ||| DRINKING 4 golden potions.
  1973 | D:3      | 1973 ||| DRINKING 2 fizzy ruby potions.
  1973 | D:3      | Gained mutation: Your flesh is cold resistant. (rC+)
                  | [potion of mutation]
  1973 | D:3      | Gained mutation: Your muscles are strong. (Str +4, Int/Dex
                  | -1) [potion of mutation]
  1974 | D:3      | 1974 ||| UPGRADING to +2 cloak.
  2123 | D:4      | Found Beop's Jewellery Shop.
  2141 | D:4      | 2141 ||| SHOPLISTING +6 ring of dexterity (504 gold, have
                  | 98).
  2141 | D:4      | 2141 ||| SHOPLISTING amulet of faith (560 gold, have 98).
  2141 | D:4      | 2141 ||| SHOPLISTING ring "Xanny" {+Blink rN+++ AC+4 Int-3
                  | Dex+2} (964 gold, have 98).
  2141 | D:4      | 2141 ||| SHOPLISTING ring of Fedagimp {rElec rF+ MP-9
                  | Str+3} (369 gold, have 98).
  2141 | D:4      | 2141 ||| SHOPLISTING ring of ice (350 gold, have 98).
  2141 | D:4      | 2141 ||| SHOPLISTING ring of willpower (350 gold, have 98).
  2344 | D:4      | 2344 ||| FLEEEEING.
  2349 | D:4      | 2349 ||| FLEEEEING.
  2350 | D:4      | 2350 ||| FLEEEEING.
  2351 | D:4      | 2351 ||| FLEEEEING.
  2353 | D:4      | 2353 ||| FLEEEEING.
  2354 | D:4      | 2354 ||| FLEEEEING.
  2355 | D:4      | 2355 ||| FLEEEEING.
  2356 | D:4      | 2356 ||| FLEEEEING.
  2357 | D:4      | 2357 ||| FLEEEEING.
  2358 | D:4      | 2358 ||| FLEEEEING.
  2361 | D:4      | 2361 ||| FLEEEEING.
  2362 | D:4      | 2362 ||| FLEEEEING.
  2363 | D:4      | 2363 ||| FLEEEEING.
  2364 | D:4      | 2364 ||| FLEEEEING.
  2365 | D:4      | 2365 ||| FLEEEEING.
  2388 | D:4      | Reached XP level 5. HP: 32/32 MP: 5/5
  2388 | D:4      | 2388 ||| Stepping ~*~*~tactically~*~*~ (hiding).
  2399 | D:4      | Reached skill level 5 in Axes
  2503 | D:4      | 2503 ||| DROPPING +0 mace.
  2635 | D:4      | 2635 ||| UPGRADING to +2 helmet.
  2640 | D:4      | 2640 ||| UPGRADING to amulet of reflection.
  2645 | D:4      | 2645 ||| READING scroll labelled JEMAPRO ZEULY.
  2646 | D:4      | 2646 ||| READING scroll labelled APNYUCVOZAST.
  2647 | D:4      | 2647 ||| DRINKING 2 silvery potions.
  2653 | D:5      | Entered Level 5 of the Dungeon
  2784 | D:5      | 2784 ||| Stepping ~*~*~tactically~*~*~ (stealth).
  2785 | D:5      | 2785 ||| Stepping ~*~*~tactically~*~*~ (stealth).
  2796 | D:5      | Reached skill level 1 in Throwing
  2851 | D:5      | 2851 ||| Stepping ~*~*~tactically~*~*~ (stealth).
  2897 | D:5      | 2897 ||| Stepping ~*~*~tactically~*~*~ (stealth).
  2904 | D:5      | Reached XP level 6. HP: 38/38 MP: 6/6
  3049 | D:5      | Noticed a water moccasin
  3073 | D:5      | HP: 7/38 [water moccasin (4)]
  3074 | D:5      | Killed a water moccasin
  3075 | D:5      | Reached skill level 6 in Axes
  3075 | D:5      | Reached XP level 7. HP: 8/43 MP: 7/7
  3239 | D:5      | Reached skill level 1 in Dodging
  3357 | D:5      | Reached skill level 7 in Axes
  3473 | D:5      | Found an iron altar of Okawaru.
  3474 | D:5      | 3474 ||| PLANNING OKAWARU WORSHIP
  3474 | D:5      | 3474 ||| READING scroll labelled NODWEO LINIKYI.
  3475 | D:5      | 3475 ||| READING scroll labelled HOHUUM WETIHUR.
  3476 | D:5      | 3476 ||| READING 3 scrolls labelled DYTAIQ RIGEREZXU.
  3477 | D:5      | 3477 ||| DRINKING 3 smoky black potions.
  3581 | D:5      | 3581 ||| DROPPING 2 potions of berserk rage.
  3582 | D:5      | 3582 ||| DROPPING 2 scrolls of blinking.
  3583 | D:5      | Found a white marble altar of Elyvilon.
  3588 | D:5      | Became a worshipper of Warmaster Okawaru
  3588 | D:5      | 3588 ||| PLANNING D:1-11
  3591 | D:5      | Found a shadowy altar of Dithmenos.
  3595 | D:5      | Found a shimmering altar of Xom.
  3780 | D:5      | Reached XP level 8. HP: 48/49 MP: 8/8
  3962 | D:6      | Identified the +0 leather armour of the Eternal Void {rPois
                  | Int+2 Dex-3}
  4148 | D:6      | 4148 ||| UPGRADING to +0 plate armour.
  4158 | D:6      | 4158 ||| DROPPING +0 chain mail.
  4278 | D:6      | 4278 ||| DRINKING 6 potions of curing.
  4278 | D:6      | 4278 ||| (to cure confusion)
  4287 | D:6      | Reached skill level 8 in Axes
  4288 | D:6      | HP: 6/49 [orc priest/divine providence (13)]
  4289 | D:6      | 4289 ||| READING scroll of teleportation.
  4290 | D:6      | Killed from afar by an orc priest

Levels and vault maps discovered:
D:1:      nagdon_arrival_zigzag_paths, layout_loops_ring,
          hellmonk_ecumenical_altar_blasted
D:2:      layout_basic, serial_shops, nicolae_shop_statue_plus, kennysheep_boxes
D:3:      layout_basic
D:4:      layout_loops_cross, serial_shops, shop, minmay_vboxes
D:5:      layout_loops_corners, minitemple, hangedman_abyss_or_decor_stagger
D:6:      mumra_celtic_spiral_tile, layout_rooms

Skill      XL: |  1  2  3  4  5  6  7  8 |
---------------+-------------------------+-----
Axes           | 2 3 4 5 6 7 8 |  8.0
Throwing       | 1 |  1.0
Fighting       | 4 5 |  5.1
Dodging        | 1 |  1.6
Armour         | 4 |  4.2
Shields        | |  3.2

Action                     |  1- 3 |  4- 6 |  7- 9 || total
---------------------------+-------+-------+-------++-------
  Melee: War axe           |   132 |   132 |    88 ||   352
  Throw: Boomerang         |       |     9 |    13 ||    22
    Use: Scroll            |     3 |     4 |     4 ||    11
         Potion            |       |     4 |     2 ||     6
 Armour: Scale mail        |    58 |    16 |       ||    74
         Chain mail        |       |    61 |    40 ||   101
         Plate armour      |       |       |    11 ||    11
  Dodge: Dodged            |    65 |    42 |    23 ||   130
  Block: Buckler           |    30 |    38 |    38 ||   106
         Reflection        |       |       |     3 ||     3

Table legend:
 A = Non-vault XP
 B = Vault XP
 C = Vault XP percentage of total XP
 D = Non-vault monster count
 E = Vault monster count
 F = Vault count percentage of total count
                 A         B        C        D         E       F
            +---------+---------+-------+---------+---------+-------
      Total |    1704 |      82 |   4.6 |      89 |       4 |   4.3
            +---------+---------+-------+---------+---------+-------
        D:1 |      50 |       0 |   0.0 |      28 |       0 |   0.0
        D:2 |      45 |       0 |   0.0 |      18 |       0 |   0.0
        D:3 |       8 |       0 |   0.0 |       6 |       0 |   0.0
        D:4 |      61 |      82 |  57.3 |      10 |       4 |  28.6
        D:5 |    1061 |       0 |   0.0 |      20 |       0 |   0.0
        D:6 |     479 |       0 |   0.0 |       7 |       0 |   0.0
            +---------+---------+-------+---------+---------+-------
